cohdb
Replays
Latest Replays
All Replays
Popular Replays
Top Player Replays
Match Explorer
How It Works
Community
CoH3 Stats
Reddit
Sign in to upload your games and track your stats! →
Sign in with Steam
Match 34059378
Unlisted
Match 34059378
Overview
Messages
Build Orders
End
Kettenkrad Recon Vehicle
Selects Luftwaffe Battlegroup
Selects Luftwaffe Pioneer Support
Fallschirmpioneer Squad Paradrop
Fallschirmpioneer Squad Paradrop
Construct Infanterie Kompanie
Construct Luftwaffe Kompanie
Medical Bunker
Flak 30 Anti-aircraft Gun Team
GrW 34 Mortar Team
GrW 34 Mortar Team
MG 42 Machine Gun Team
Jopjahh
PoteRush
ruoxu
SomeoneSomewhereDoingSomething
narrzilla
El_Bench
0
0
Comments
sign in to comment!
No comments posted yet!